Map: Prion Terraces

Players

LilDicky - Winner!

  • Race: Terran Terran
  • League: Gold

IreScath

  • Race: Protoss Protoss

VOD

http://www.twitch.tv/tumescentpie

Description

Time

  • Played on: Nov. 19, 2015, 10:52 p.m.
  • Length: 3:59
Show
View Real Time Build Order
Export as new Build Order

LilDicky Terran - Winner!

Build Orders:  

Get SALT Encoding   

  12  0:02  SCV  
  13  0:17  SCV  
  14  0:21  Supply Depot  
  14  0:29  SCV  
  14  0:35  Refinery  
  15  0:43  SCV  
  15  0:46  Barracks  
  16  0:55  SCV  
  17  1:07  SCV  
  18  1:19  SCV  
  19  1:39  Supply Depot, Marine  
  20  1:40  Orbital Command  
  20  1:44  Factory  
  20  1:58  Marine  
  21  2:05  SCV  
  22  2:16  Marine  
  22  2:17  SCV  
  24  2:24  Barracks x2  
  24  2:25  Refinery  
  24  2:37  SCV  
  25  2:44  Widow Mine  
  25  2:45  Barracks Reactor  
  25  2:49  SCV  
  28  2:54  Supply Depot  
  28  3:01  SCV  
  28  3:12  Widow Mine  
  28  3:13  SCV, Barracks Tech Lab x2  
  31  3:25  SCV, Marine  
  31  3:26  Marine  
  34  3:30  Supply Depot  
  34  3:34  Marine x2  
  34  3:37  SCV  
  34  3:40  Supply Depot  
Show
View Real Time Build Order
Export as new Build Order

IreScath Protoss 

Build Orders:  

Get SALT Encoding   

  12  0:00  Probe (Chrono Boost)  
  13  0:11  Probe (Chrono Boost)  
  14  0:22  Probe (Chrono Boost), Pylon  
  15  0:41  Probe (Chrono Boost)  
  15  0:42  Gateway  
  16  0:44  Assimilator  
  16  0:51  Probe (Chrono Boost)  
  17  1:02  Probe (Chrono Boost)  
  18  1:13  Probe (Chrono Boost)  
  18  1:17  Pylon  
  19  1:23  Probe (Chrono Boost)  
  20  1:34  Probe (Chrono Boost)  
  20  1:37  Cybernetics Core  
  22  1:47  Probe (Chrono Boost)  
  22  1:49  Assimilator  
  22  1:59  Nexus  
  22  2:03  Pylon  
  22  2:05  Probe (Chrono Boost)  
  23  2:15  Stalker  
  25  2:20  Probe (Chrono Boost)  
  26  2:31  Probe (Chrono Boost)  
  27  2:42  Mothership Core (Chrono Boost)  
  29  2:49  Robotics Facility  
  29  2:52  Pylon  
  29  3:00  Probe (Chrono Boost)  
  30  3:14  Gateway  
  30  3:16  Gateway  
  30  3:20  Probe (Chrono Boost)  
  30  3:21  Probe (Chrono Boost)  
  28  3:38  Observer (Chrono Boost)  
Tags
 
Add a new tag
Caveats
  • Supply blocks, unpowered buildings, or Contaminate may cause inaccurate times.
  • Supply counts are checked every 10 seconds.